 Dungeon Sprint DCSS version 0.30-a0-691-g754fce4c43 (webtiles) character file.

Game seed: 3107946917775121312

91 BigDaddyOpFi the Trooper (level 4, -8/44 HPs)
             Began as a Hill Orc Fighter on Jan 19, 2023.
             Killed from afar by an oklob sapling priest (35 damage)
             ... with a splash of acid
             ... in the Dungeon (Sprint IV: "Fedhas' Mad Dash").
             The game lasted 00:00:41 (549 turns).

BigDaddyOpFi the Trooper (Hill Orc Fighter)          Turns: 549, Time: 00:00:42

Health: -8/44      AC:  7    Str: 20    XL:     4   Next: 57%
Magic:  4/4        EV:  9    Int:  8    God:
Gold:   59         SH:  5    Dex: 10    Spells: 3/3 levels left

rFire   . . .      SeeInvis .    a - +0 war axe
rCold   . . .      Faith    .    c - +0 buckler
rNeg    . . .      Spirit   .    b - +0 scale mail
rPois   .          Reflect  .    (no helmet)
rElec   .          Harm     .    (no cloak)
rCorr   .          Rampage  .    (no gloves)
Will    .....      NoTele   +    (no boots) Stlth
                                 d - amulet of invisibility {+Inv}
HPRegen 0.27/turn                (no ring)
MPRegen 0.09/turn                (no ring)

@: mighty
A: no striking features
a: Evoke Invisibility


You were in the Dungeon.
You visited 1 branch You collected 59 gold pieces.

Inventory:

Hand Weapons
 a - a +0 war axe (weapon)
Armour
 b - a +0 scale mail (worn)
 c - a +0 buckler (worn)
Jewellery
 d - the amulet of invisibility (around neck) {+Inv}
   (You found it in the Dungeon)

   [amulet of nothing]

   +Inv:      It lets you turn invisible.
Scrolls
 j - a scroll of blinking
Potions
 g - a potion of haste
 h - 2 potions of magic
 i - a potion of berserk rage


   Skills:
 + Level 6.3 Fighting
 + Level 6.2 Axes
 + Level 5.7 Armour
 + Level 5.7 Shields


You had 3 spell levels left.
You didn't know any spells.
Your spell library was empty.

Dungeon Overview and Level Annotations

Branches:
Dungeon (1/1)

Altars:
Cheibriados
Dithmenos
Elyvilon
Gozag
Hepliaklqana
Kikubaaqudgha
Makhleb
Nemelex Xobeh
Okawaru
Qazlal
Ru
Sif Muna
Trog
Uskayaw
Vehumet
Wu Jian
Xom
Yredelemnul
Zin
The Shining One
Beogh
Jiyva
Lugonu

Annotations:
D exclusion: oklob sapling


Message History

You now have 59 gold pieces (gained 12).
You start putting on your amulet.
You continue putting on the amulet of invisibility {+Inv}. x5
You finish putting on the amulet of invisibility {+Inv}.
d - the amulet of invisibility (around neck) {+Inv} You fail to use your ability.
You open the door.
Found nine altars.
An oklob sapling priest comes into view.
Found four altars.
Marking area around an oklob sapling priest as unsafe for travelling.
There is an open door here.
Found three altars.
Found two altars.
Found three altars.
Found a radiant altar of Vehumet and a corrupted altar of Lugonu.
There is a burning altar of Makhleb here.
There is a sparkling altar of Nemelex Xobeh here.
You hit the oklob sapling priest.
The oklob sapling priest is lightly damaged.
The oklob sapling priest spits acid at you.
The splash of acid hits you!
You hit the oklob sapling priest.
The oklob sapling priest is moderately damaged.
The oklob sapling priest calls down the wrath of its god upon you.
Something smites you!
* * * LOW HITPOINT WARNING * * *
You feel much better.
You fail to use your ability.
The oklob sapling priest looks braver for a moment.
The oklob sapling priest looks braver for a moment.
There is a viscous altar of Jiyva here.
You hit the oklob sapling priest but do no damage.
The oklob sapling priest is moderately damaged.
You slash the oklob sapling priest!
The oklob sapling priest is severely damaged.
The oklob sapling priest spits acid at you.
The splash of acid hits you!!
Ouch! That really hurt!
You die...

########################
...#.....#.⌠._._._._.⌠.#
...'.#.).'.._._.@._._..+
...#.#...#..._._P_._...#
#######+##.._._._._._..#
#._._._._._.⌠.#
###############


You could see an oklob sapling priest.

Vanquished Creatures
  A scorpion (D)
  An oklob sapling (D)
  A river rat (D)
  A rat (D)
4 creatures vanquished.

Notes
Turn   | Place    | Note
-------+----------+-------------------------------------------
     0 | D        | BigDaddyOpFi the Hill Orc Fighter began the quest for the
                  | Orb.
     0 | D        | Reached XP level 1. HP: 19/19 MP: 1/1
    12 | D        | Reached XP level 2. HP: 25/28 MP: 2/2
   124 | D        | Noticed an oklob sapling
   304 | D        | Killed an oklob sapling
   305 | D        | Reached skill level 5 in Fighting
   305 | D        | Reached XP level 3. HP: 36/36 MP: 3/3
   506 | D        | Noticed a scorpion
   506 | D        | Found the amulet of invisibility {+Inv}
   513 | D        | Killed a scorpion
   514 | D        | Reached skill level 5 in Armour
   514 | D        | Reached skill level 5 in Shields
   514 | D        | Reached XP level 4. HP: 26/44 MP: 4/4
   535 | D        | Found an opulent altar of Gozag.
   535 | D        | Found a hazy altar of Hepliaklqana.
   535 | D        | Found a burning altar of Makhleb.
   535 | D        | Found a sparkling altar of Nemelex Xobeh.
   535 | D        | Found a sacrificial altar of Ru.
   535 | D        | Found a shimmering blue altar of Sif Muna.
   535 | D        | Found an ornate altar of the Wu Jian Council.
   535 | D        | Found a shimmering altar of Xom.
   535 | D        | Found a basalt altar of Yredelemnul.
   536 | D        | Found a viscous altar of Jiyva.
   536 | D        | Found a roughly hewn altar of Beogh.
   536 | D        | Found a snail-covered altar of Cheibriados.
   536 | D        | Found a bloodstained altar of Trog.
   536 | D        | Noticed an oklob sapling priest
   537 | D        | Found an iron altar of Okawaru.
   537 | D        | Found a glowing silver altar of Zin.
   537 | D        | Found a shadowy altar of Dithmenos.
   538 | D        | Found a hide-covered altar of Uskayaw.
   538 | D        | Found an ancient bone altar of Kikubaaqudgha.
   539 | D        | Found a stormy altar of Qazlal.
   539 | D        | Found a glowing golden altar of the Shining One.
   539 | D        | Found a white marble altar of Elyvilon.
   540 | D        | Found a radiant altar of Vehumet.
   540 | D        | Found a corrupted altar of Lugonu.
   549 | D        | Killed from afar by an oklob sapling priest

Illustrated notes

Levels and vault maps discovered:
D:        dungeon_sprint_fedhas [sprint_temple]

Skill      XL: |  1  2  3 |
---------------+----------+-----
Fighting       | 4 5 6 |  6.3
Axes           | 3 4 6 |  6.2
Armour         | 4 5 |  5.7
Shields        | 4 5 |  5.7

Action                   |  1- 3 |  4- 6 || total
-------------------------+-------+-------++-------
Melee: War axe           |    13 |     4 ||    17
  Use: Potion            |     2 |     1 ||     3
Armor: Scale mail        |     2 |       ||     2
Dodge: Dodged            |     7 |       ||     7
Block: Buckler           |     3 |       ||     3

Table legend: (Time is in decaauts)
 A = Elapsed time spent in this place.
 B = Non-inter-level travel time spent in this place.
 C = Inter-level travel time spent in this place.
 D = Time resting spent in this place.
 E = Time spent auto-exploring this place.
 F = Levels seen in this place.
 G = Mean time per level.
                   A        B        C        D        E       F      G
               +--------+--------+--------+--------+--------+-----+--------+
         Total |    554 |    554 |      0 |    481 |      0 |   1 |  554.0 |
       Dungeon |    554 |    554 |      0 |    481 |      0 |   1 |  554.0 |
               +--------+--------+--------+--------+--------+-----+--------+

Top non-repeatable levels by time:
       D: 554 daAuts
